Workbook
Name Company_Name: FSM!$D$5
Name Company_Name: #REF!
Name Hist_Yr: FSM!#REF!
Name Hist_Yr: #REF!
Name IQ_CH: 110000
Name IQ_CQ: 5000
Name IQ_CY: 10000
Name IQ_DAILY: 500000
Name IQ_FH: 100000
Name IQ_FQ: 500
Name IQ_FY: 1000
Name IQ_LTM: 2000
Name IQ_MONTH: 15000
Name IQ_NTM: 6000
Name IQ_WEEK: 50000
Name IQ_YTD: 3000

Sheet FSM
C2: =Company_Name&" - Financial Statement Model" -> Gourmet Egypt - Financial Statement Model
C3: All amounts are shown in EGP, except per-share data, ratios, and shares outstanding
C5: Company Name | D5: Gourmet Egypt
C6: Ticker | D6: GOUR.CA
C7: Latest Closing Share Price | D7: 17.03
C8: Latest Closing Share Price Date | D8: 46274
C9: Last Historical Year | D9: 46022
C10: Shares outstanding | D10: 400000000
C12: INCOME STATEMENT
C13: Fiscal year | D13: =E13-1 -> 2023 | E13: =F13-1 -> 2024 | F13: =YEAR(D9) -> 2025 | G13: =F13+1 -> 2026 | H13: =G13+1 -> 2027 | I13: =H13+1 -> 2028 | J13: =I13+1 -> 2029 | K13: =J13+1 -> 2030
C14: Fiscal year end date | D14: =EOMONTH(E14,-12) -> 45291 | E14: =EOMONTH(F14,-12) -> 45657 | F14: =D9 -> 46022 | G14: =EOMONTH(F14,12) -> 46387 | H14: =EOMONTH(G14,12) -> 46752 | I14: =EOMONTH(H14,12) -> 47118 | J14: =EOMONTH(I14,12) -> 47483 | K14: =EOMONTH(J14,12) -> 47848
C16: Gross Revenue | D16: 1461003005 | E16: 2117799758 | F16: 2877655973 | G16: =G178 -> 3.5122413e+09 | H16: =H178 -> 4.1456704e+09 | I16: =I178 -> 4.7685376e+09 | J16: =J178 -> 5.3415609e+09 | K16: =K178 -> 5.8763698e+09
C17: Cost of Goods Sold (COGS) | D17: -988835102 | E17: -1426005686 | F17: -1923541960 | G17: =-G16*(1-G39) -> -2.3632735e+09 | H17: =-H16*(1-H39) -> -2.7894875e+09 | I17: =-I16*(1-I39) -> -3.2085947e+09 | J17: =-J16*(1-J39) -> -3.5941635e+09 | K17: =-K16*(1-K39) -> -3.9540191e+09
C18: Gross Profit | D18: =SUM(D16:D17) -> 472167903 | E18: =SUM(E16:E17) -> 691794072 | F18: =SUM(F16:F17) -> 954114013 | G18: =SUM(G16:G17) -> 1.1489678e+09 | H18: =SUM(H16:H17) -> 1.3561829e+09 | I18: =SUM(I16:I17) -> 1.559943e+09 | J18: =SUM(J16:J17) -> 1.7473974e+09 | K18: =SUM(K16:K17) -> 1.9223507e+09
C19: Total Cash Operating Expenses (OpEx) | D19: =D56 -> -312854249 | E19: =E56 -> -405834952 | F19: =F56 -> -592354956 | G19: =G56 -> -6.9158878e+08 | H19: =H56 -> -8.1556945e+08 | I19: =I56 -> -9.3748286e+08 | J19: =J56 -> -1.0496403e+09 | K19: =K56 -> -1.1543181e+09
C20: EBITDA | D20: =SUM(D18:D19) -> 159313654 | E20: =SUM(E18:E19) -> 285959120 | F20: =SUM(F18:F19) -> 361759057 | G20: =SUM(G18:G19) -> 4.5737901e+08 | H20: =SUM(H18:H19) -> 5.4061349e+08 | I20: =SUM(I18:I19) -> 6.224601e+08 | J20: =SUM(J18:J19) -> 6.9775707e+08 | K20: =SUM(K18:K19) -> 7.6803256e+08
C21: Depreciation of Fixed Assets (PPE) | D21: -45088086 | E21: -43207268 | F21: -41355878 | G21: =-G157 -> -35411770 | H21: =-H157 -> -35348965 | I21: =-I157 -> -45672897 | J21: =-J157 -> -56459890 | K21: =-K157 -> -67393060
C22: Amortization of Intangible Assets | D22: -4505081 | E22: -7108381 | F22: -6938280 | G22: =G289 -> -7000000 | H22: =H289 -> -5000000 | I22: =I289 -> -4000000 | J22: =J289 -> -3000000 | K22: =K289 -> -2000000
C23: Amortization of Right-of-Use Assets | D23: -33206271 | E23: -36035425 | F23: -36334900 | G23: =G277 -> -44347531 | H23: =H277 -> -52345562 | I23: =I277 -> -60210233 | J23: =J277 -> -67445546 | K23: =K277 -> -74198345
C24: Total D&A | D24: =SUM(D21:D23) -> -82799438 | E24: =SUM(E21:E23) -> -86351074 | F24: =SUM(F21:F23) -> -84629058 | G24: =SUM(G21:G23) -> -86759301 | H24: =SUM(H21:H23) -> -92694527 | I24: =SUM(I21:I23) -> -1.0988313e+08 | J24: =SUM(J21:J23) -> -1.2690544e+08 | K24: =SUM(K21:K23) -> -1.4359141e+08
C25: Operating Profit (EBIT) | D25: =D20+D24 -> 76514216 | E25: =E20+E24 -> 199608046 | F25: =F20+F24 -> 277129999 | G25: =G20+G24 -> 3.7061971e+08 | H25: =H20+H24 -> 4.4791896e+08 | I25: =I20+I24 -> 5.1257697e+08 | J25: =J20+J24 -> 5.7085163e+08 | K25: =K20+K24 -> 6.2444116e+08
C26: Finance expense | D26: -47950964 | E26: -55620920 | F26: -37780877 | G26: =G233-G262 -> -73218979 | H26: =H233 -> -43415889 | I26: =I233 -> -49266506 | J26: =J233 -> -54648937 | K26: =K233 -> -59672420
C27: Other Income / (Expenses) & Capital Gains | D27: -435610 | E27: 8483341 | F27: 36040096 | G27: =G234 -> 42840526 | H27: =H234 -> 60515163 | I27: =I234 -> 71042088 | J27: =J234 -> 75857527 | K27: =K234 -> 91692292
C28: Profit / (Loss) Before Tax (EBT) | D28: =SUM(D25:D27) -> 28127642 | E28: =SUM(E25:E27) -> 152470467 | F28: =SUM(F25:F27) -> 275389218 | G28: =SUM(G25:G27) -> 3.4024126e+08 | H28: =SUM(H25:H27) -> 4.6501824e+08 | I28: =SUM(I25:I27) -> 5.3435255e+08 | J28: =SUM(J25:J27) -> 5.9206022e+08 | K28: =SUM(K25:K27) -> 6.5646103e+08
C29: Income Tax Expense (Current) | D29: 0 | E29: -22336568 | F29: -69211808 | G29: =G28*-G40 -> -76554283 | H29: =H28*-H40 -> -1.046291e+08 | I29: =I28*-I40 -> -1.2022932e+08 | J29: =J28*-J40 -> -1.3321355e+08 | K29: =K28*-K40 -> -1.4770373e+08
C30: Deferred Tax (Expense) / Benefit | D30: 3617966 | E30: 4907885 | F30: 5035222 | G30: 0 | H30: =G30 -> 0 | I30: =H30 -> 0 | J30: =I30 -> 0 | K30: =J30 -> 0
C31: Net Profit / (Loss) for the Year | D31: =SUM(D28:D30) -> 31745608 | E31: =SUM(E28:E30) -> 135041784 | F31: =SUM(F28:F30) -> 211212632 | G31: =SUM(G28:G30) -> 2.6368698e+08 | H31: =SUM(H28:H30) -> 3.6038913e+08 | I31: =SUM(I28:I30) -> 4.1412323e+08 | J31: =SUM(J28:J30) -> 4.5884667e+08 | K31: =SUM(K28:K30) -> 5.087573e+08
C32: Equity Holders of the Parent Company | D32: =D31-D33 -> 31745161 | E32: =E31-E33 -> 135031718 | F32: =F31-F33 -> 211202869 | G32: =G31-G33 -> 2.6367479e+08 | H32: =H31-H33 -> 3.6037248e+08 | I32: =I31-I33 -> 4.1410409e+08 | J32: =J31-J33 -> 4.5882546e+08 | K32: =K31-K33 -> 5.0873378e+08
C33: Non-Controlling Interest (NCI) | D33: 447 | E33: 10066 | F33: 9763 | G33: =G249 -> 12188.551 | H33: =H249 -> 16658.469 | I33: =I249 -> 19142.25 | J33: =J249 -> 21209.527 | K33: =K249 -> 23516.574
C35: EBITDA margin %
C37: Growth Rates & Margins
C38: Revenue growth | D38: =D16/1098037388-1 -> 0.33055852 | E38: =E16/D16-1 -> 0.44955195 | F38: =F16/E16-1 -> 0.35879512 | G38: =G16/F16-1 -> 0.22052162 | H38: =H16/G16-1 -> 0.18034897 | I38: =I16/H16-1 -> 0.15024523 | J38: =J16/I16-1 -> 0.1201675 | K38: =K16/J16-1 -> 0.10012223
C39: Gross Margin % of Revenue | D39: =D18/D16 -> 0.32318065 | E39: =E18/E16 -> 0.32665698 | F39: =F18/F16 -> 0.33155944 | G39: =AVERAGE(D39:F39) -> 0.32713236 | H39: =G39 -> 0.32713236 | I39: =H39 -> 0.32713236 | J39: =I39 -> 0.32713236 | K39: =J39 -> 0.32713236
C40: Tax rate | E40: =-SUM(E29:E30)/E31 -> 0.12906141 | F40: =-SUM(F29:F30)/F31 -> 0.30384824 | G40: 0.225 | H40: =G40 -> 0.225 | I40: =H40 -> 0.225 | J40: =I40 -> 0.225 | K40: =J40 -> 0.225
C42: OpEx Schedule
C43: Fiscal year | D43: =D$13 -> 2023 | E43: =E$13 -> 2024 | F43: =F$13 -> 2025 | G43: =G$13 -> 2026 | H43: =H$13 -> 2027 | I43: =I$13 -> 2028 | J43: =J$13 -> 2029 | K43: =K$13 -> 2030
C44: Fiscal year end date | D44: =D$14 -> 45291 | E44: =E$14 -> 45657 | F44: =F$14 -> 46022 | G44: =G$14 -> 46387 | H44: =H$14 -> 46752 | I44: =I$14 -> 47118 | J44: =J$14 -> 47483 | K44: =K$14 -> 47848
C46: Selling and Marketing Expenses | D46: -198930816 | E46: -277108013 | F46: -380179028 | G46: =-G$16*G58 -> -4.6727058e+08 | H46: =-H$16*H58 -> -5.5154235e+08 | I46: =-I$16*I58 -> -6.3440895e+08 | J46: =-J$16*J58 -> -7.1064429e+08 | K46: =-K$16*K58 -> -7.8179558e+08
C47: General and Administrative Expenses | D47: -100840540 | E47: -118109354 | F47: -178280004 | G47: =-G$16*G59 -> -2.1863057e+08 | H47: =-H$16*H59 -> -2.5806037e+08 | I47: =-I$16*I59 -> -2.9683271e+08 | J47: =-J$16*J59 -> -3.3250235e+08 | K47: =-K$16*K59 -> -3.6579323e+08
C48: Provisions Formed (other than depreciation) | D48: -8029570 | E48: -6779710 | F48: -27973094 | G48: 0 | H48: =G48 -> 0 | I48: =H48 -> 0 | J48: =I48 -> 0 | K48: =J48 -> 0
C49: Provisions No Longer Required | D49: 2955281 | E49: 29580 | F49: 0 | G49: =F49 -> 0 | H49: =G49 -> 0 | I49: =H49 -> 0 | J49: =I49 -> 0 | K49: =J49 -> 0
C50: Inventory Write-down (ECL / Slow Moving) | D50: 0 | E50: -510405 | F50: -253835 | G50: 0 | H50: =G50 -> 0 | I50: =H50 -> 0 | J50: =I50 -> 0 | K50: =J50 -> 0
C51: Reversal of Inventory Write-down | D51: 90349 | E51: 0 | F51: 425517 | G51: 0 | H51: =G51 -> 0 | I51: =H51 -> 0 | J51: =I51 -> 0 | K51: =J51 -> 0
C52: Impairment of Assets Held for Sale | D52: -2268481 | E52: 0 | F52: 0 | G52: 0 | H52: =G52 -> 0 | I52: =H52 -> 0 | J52: =I52 -> 0 | K52: =J52 -> 0
C53: Board Remuneration and Allowances | D53: -4500000 | E53: -3600000 | F53: -4140000 | G53: =F53 -> -4140000 | H53: =G53 -> -4140000 | I53: =H53 -> -4140000 | J53: =I53 -> -4140000 | K53: =J53 -> -4140000
C54: Expected Credit Loss (Trade & Other Debtors) | D54: -1064549 | E54: -22364 | F54: -1676835 | G54: =-G$16*G60 -> -1547623.8 | H54: =-H$16*H60 -> -1826736.1 | I54: =-I$16*I60 -> -2101194.5 | J54: =-J$16*J60 -> -2353689.8 | K54: =-K$16*K60 -> -2589346.4
C55: Net Foreign Exchange Gains / (Losses) | D55: -265923 | E55: 265314 | F55: -277677 | G55: 0 | H55: =G55 -> 0 | I55: =H55 -> 0 | J55: =I55 -> 0 | K55: =J55 -> 0
C56: Total Cash Operating Expenses (OpEx) | D56: =SUM(D46:D55) -> -312854249 | E56: =SUM(E46:E55) -> -405834952 | F56: =SUM(F46:F55) -> -592354956 | G56: =SUM(G46:G55) -> -6.9158878e+08 | H56: =SUM(H46:H55) -> -8.1556945e+08 | I56: =SUM(I46:I55) -> -9.3748286e+08 | J56: =SUM(J46:J55) -> -1.0496403e+09 | K56: =SUM(K46:K55) -> -1.1543181e+09
C58: =C46&" % of revenue" -> Selling and Marketing Expenses % of revenue | D58: =-D46/D$16 -> 0.13616044 | E58: =-E46/E$16 -> 0.13084713 | F58: =-F46/F$16 -> 0.13211413 | G58: =AVERAGE(D58:F58) -> 0.13304057 | H58: =G58 -> 0.13304057 | I58: =H58 -> 0.13304057 | J58: =I58 -> 0.13304057 | K58: =J58 -> 0.13304057
C59: =C47&" % of revenue" -> General and Administrative Expenses % of revenue | D59: =-D47/D$16 -> 0.069021446 | E59: =-E47/E$16 -> 0.05576984 | F59: =-F47/F$16 -> 0.061953203 | G59: =AVERAGE(D59:F59) -> 0.062248163 | H59: =G59 -> 0.062248163 | I59: =H59 -> 0.062248163 | J59: =I59 -> 0.062248163 | K59: =J59 -> 0.062248163
C60: =C54&" % of revenue" -> Expected Credit Loss (Trade & Other Debtors) % of revenue | D60: =-D54/D16 -> 0.00072864258 | E60: =-E54/E16 -> 1.0560016e-05 | F60: =-F54/F16 -> 0.00058270864 | G60: =AVERAGE(D60:F60) -> 0.00044063708 | H60: =G60 -> 0.00044063708 | I60: =H60 -> 0.00044063708 | J60: =I60 -> 0.00044063708 | K60: =J60 -> 0.00044063708
C62: BALANCE SHEET
C63: Fiscal year | D63: =D$13 -> 2023 | E63: =E$13 -> 2024 | F63: =F$13 -> 2025 | G63: =G$13 -> 2026 | H63: =H$13 -> 2027 | I63: =I$13 -> 2028 | J63: =J$13 -> 2029 | K63: =K$13 -> 2030
C64: Fiscal year end date | D64: =D$14 -> 45291 | E64: =E$14 -> 45657 | F64: =F$14 -> 46022 | G64: =G$14 -> 46387 | H64: =H$14 -> 46752 | I64: =I$14 -> 47118 | J64: =J$14 -> 47483 | K64: =K$14 -> 47848
C65: ASSETS
C67: Current Assets
C68: Financial Assets at Amortized Cost (T-Bills) | D68: 5100922 | E68: 15652146 | F68: 201661238 | G68: =F68 -> 201661238 | H68: =G68 -> 201661238 | I68: =H68 -> 201661238 | J68: =I68 -> 201661238 | K68: =J68 -> 201661238
C69: Inventories (Net) | D69: 138912639 | E69: 208473803 | F69: 258826409 | G69: =G191 -> 3.3182922e+08 | H69: =H191 -> 3.9167428e+08 | I69: =I191 -> 4.5052147e+08 | J69: =J191 -> 5.0465951e+08 | K69: =K191 -> 5.5518714e+08
C70: Trade and Notes Receivable (Net) | D70: 16938225 | E70: 27584770 | F70: 31142087 | G70: =G192 -> 38009590 | H70: =H192 -> 44864581 | I70: =I192 -> 51605270 | J70: =J192 -> 57806546 | K70: =K192 -> 63594266
C71: Debtors and Other Debit Balances (Net) | D71: 39168713 | E71: 51382391 | F71: 69499941 | G71: =G193 -> 84826181 | H71: =H193 -> 1.0012449e+08 | I71: =I193 -> 1.1516772e+08 | J71: =J193 -> 1.2900714e+08 | K71: =K193 -> 1.4192362e+08
C72: Due from Related Parties | D72: 4251648 | E72: 3388601 | F72: 0 | G72: =G194 -> 0 | H72: =H194 -> 0 | I72: =I194 -> 0 | J72: =J194 -> 0 | K72: =K194 -> 0
C73: Cash and Cash Equivalents | D73: 66602816 | E73: 77553111 | F73: 104342521 | G73: =G147 -> 3.0263179e+08 | H73: =H147 -> 5.0875964e+08 | I73: =I147 -> 6.9078025e+08 | J73: =J147 -> 8.770716e+08 | K73: =K147 -> 1.0841668e+09
C74: Total Current Assets | D74: =SUM(D68:D73) -> 270974963 | E74: =SUM(E68:E73) -> 384034822 | F74: =SUM(F68:F73) -> 665472196 | G74: =SUM(G68:G73) -> 9.5895802e+08 | H74: =SUM(H68:H73) -> 1.2470842e+09 | I74: =SUM(I68:I73) -> 1.509736e+09 | J74: =SUM(J68:J73) -> 1.770206e+09 | K74: =SUM(K68:K73) -> 2.046533e+09
C76: Non-Current Assets
C77: Property, Plant and Equipment (Net) | D77: 174116983 | E77: 190534890 | F77: 163149183 | G77: =G158 -> 1.6285983e+08 | H77: =H158 -> 2.1042427e+08 | I77: =I158 -> 2.6012213e+08 | J77: =J158 -> 3.1049345e+08 | K77: =K158 -> 3.6062779e+08
C78: Intangible Assets (Net) | D78: 27899321 | E78: 21004672 | F78: 14066392 | G78: =G290 -> 9066392 | H78: =H290 -> 6066392 | I78: =I290 -> 4066392 | J78: =J290 -> 3066392 | K78: =K290 -> 3066392
C79: Right-of-Use Assets (Net) | D79: 142503563 | E79: 130756082 | F79: 136387942 | G79: =G278 -> 1.454072e+08 | H79: =H278 -> 1.5605307e+08 | I79: =I278 -> 1.6829843e+08 | J79: =J278 -> 1.8201529e+08 | K79: =K278 -> 1.9710551e+08
C80: Deferred Tax Assets | D80: 255064 | E80: 5162949 | F80: 10198171 | G80: =F80 -> 10198171 | H80: =G80 -> 10198171 | I80: =H80 -> 10198171 | J80: =I80 -> 10198171 | K80: =J80 -> 10198171
C81: Projects Under Construction (CWIP) | D81: 11802869 | E81: 10104432 | F81: 34362040 | G81: =F81 -> 34362040 | H81: =G81 -> 34362040 | I81: =H81 -> 34362040 | J81: =I81 -> 34362040 | K81: =J81 -> 34362040
C82: Goodwill | D82: 38905695 | E82: 38905695 | F82: 38905695 | G82: =F82 -> 38905695 | H82: =G82 -> 38905695 | I82: =H82 -> 38905695 | J82: =I82 -> 38905695 | K82: =J82 -> 38905695
C83: Total Non-Current Assets | D83: =SUM(D77:D82) -> 395483495 | E83: =SUM(E77:E82) -> 396468720 | F83: =SUM(F77:F82) -> 397069423 | G83: =SUM(G77:G82) -> 4.0079932e+08 | H83: =SUM(H77:H82) -> 4.5600964e+08 | I83: =SUM(I77:I82) -> 5.1595285e+08 | J83: =SUM(J77:J82) -> 5.7904104e+08 | K83: =SUM(K77:K82) -> 6.4426559e+08
C85: Total Assets | D85: =D74+D83 -> 666458458 | E85: =E74+E83 -> 780503542 | F85: =F74+F83 -> 1062541619 | G85: =G74+G83 -> 1.3597573e+09 | H85: =H74+H83 -> 1.7030939e+09 | I85: =I74+I83 -> 2.0256888e+09 | J85: =J74+J83 -> 2.3492471e+09 | K85: =K74+K83 -> 2.6907986e+09
C87: LIABILITIES AND EQUITY
C89: Current Liabilities
C90: Provisions | D90: 19153725 | E90: 18490310 | F90: 40944049 | G90: =F90 -> 40944049 | H90: =G90 -> 40944049 | I90: =H90 -> 40944049 | J90: =I90 -> 40944049 | K90: =J90 -> 40944049
C91: Current Income Tax Liability | D91: 0 | E91: 22336568 | F91: 69211808 | G91: =G200 -> 76554283 | H91: =H200 -> 1.046291e+08 | I91: =I200 -> 1.2022932e+08 | J91: =J200 -> 1.3321355e+08 | K91: =K200 -> 1.4770373e+08
C92: Long-Term Loans (Current Portion) | D92: 27922381 | E92: 26285124 | F92: 15935445 | G92: =F92 -> 15935445 | H92: =G92 -> 15935445 | I92: =H92 -> 15935445 | J92: =I92 -> 15935445 | K92: =J92 -> 15935445
C93: Lease Liabilities (Current Portion) | D93: 28819854 | E93: 31974757 | F93: 31685600 | G93: =G264*G265 -> 34317912 | H93: =H264*H265 -> 37424959 | I93: =I264*I265 -> 40998824 | J93: =J264*J265 -> 45002152 | K93: =K264*K265 -> 49406302
C94: Short-Term Borrowings & Credit Facilities | D94: 51401653 | E94: 1337751 | F94: 0 | G94: 0 | H94: 0 | I94: 0 | J94: 0 | K94: 0
C95: Trade and Notes Payable | D95: 157741673 | E95: 215771496 | F95: 242113642 | G95: =G198 -> 3.4401637e+08 | H95: =H198 -> 4.0605936e+08 | I95: =I198 -> 4.6706784e+08 | J95: =J198 -> 5.2319422e+08 | K95: =K198 -> 5.7557759e+08
C96: Due to Related Parties | D96: 30978907 | E96: 1030309 | F96: 3590464 | G96: =G201 -> 4382238.9 | H96: =H201 -> 5172571.2 | I96: =I201 -> 5949725.4 | J96: =J201 -> 6664688.9 | K96: =K201 -> 7331972.4
C97: Creditors and Other Credit Balances | D97: 88281718 | E97: 104670165 | F97: 216739864 | G97: =G199 -> 2.6453569e+08 | H97: =H199 -> 3.1224443e+08 | I97: =I199 -> 3.5915766e+08 | J97: =J199 -> 4.0231674e+08 | K97: =K199 -> 4.4259759e+08
C98: Total Current Liabilities | D98: =SUM(D90:D97) -> 404299911 | E98: =SUM(E90:E97) -> 421896480 | F98: =SUM(F90:F97) -> 620220872 | G98: =SUM(G90:G97) -> 7.8068598e+08 | H98: =SUM(H90:H97) -> 9.2240992e+08 | I98: =SUM(I90:I97) -> 1.0502829e+09 | J98: =SUM(J90:J97) -> 1.1672708e+09 | K98: =SUM(K90:K97) -> 1.2794967e+09
C100: Non-Current Liabilities
C101: Long-Term Loans (Non-Current Portion) | D101: 48662296 | E101: 22377172 | F101: 6441727 | G101: =F101 -> 6441727 | H101: =G101 -> 6441727 | I101: =H101 -> 6441727 | J101: =I101 -> 6441727 | K101: =J101 -> 6441727
C102: Lease Liabilities (Non-Current Portion) | D102: 148674513 | E102: 140921789 | F102: 151279852 | G102: =G264*(1-G265) -> 1.6384757e+08 | H102: =H264*(1-H265) -> 1.7868187e+08 | I102: =I264*(1-I265) -> 1.9574495e+08 | J102: =J264*(1-J265) -> 2.1485845e+08 | K102: =K264*(1-K265) -> 2.3588564e+08
C103: Fixed Assets Purchase Creditors (Non-Current) | D103: 15092078 | E103: 12222226 | F103: 10000008 | G103: =F103-2222220 -> 7777788 | H103: =G103-2222220 -> 5555568 | I103: =H103-2222220 -> 3333348 | J103: =I103-2222220 -> 1111128 | K103: =J103-2222220 -> -1111092
C104: Total Non-Current Liabilities | D104: =SUM(D101:D103) -> 212428887 | E104: =SUM(E101:E103) -> 175521187 | F104: =SUM(F101:F103) -> 167721587 | G104: =SUM(G101:G103) -> 1.7806709e+08 | H104: =SUM(H101:H103) -> 1.9067916e+08 | I104: =SUM(I101:I103) -> 2.0552002e+08 | J104: =SUM(J101:J103) -> 2.2241131e+08 | K104: =SUM(K101:K103) -> 2.4121628e+08
C106: Total Liabilities | D106: =D98+D104 -> 616728798 | E106: =E98+E104 -> 597417667 | F106: =F98+F104 -> 787942459 | G106: =G98+G104 -> 9.5875307e+08 | H106: =H98+H104 -> 1.1130891e+09 | I106: =I98+I104 -> 1.2558029e+09 | J106: =J98+J104 -> 1.3896821e+09 | K106: =K98+K104 -> 1.520713e+09
C108: Equity
C109: Paid-in Share Capital | D109: 92833330 | E109: 92833330 | F109: 100000000 | G109: =F109 -> 100000000 | H109: =G109 -> 100000000 | I109: =H109 -> 100000000 | J109: =I109 -> 100000000 | K109: =J109 -> 100000000
C110: Legal Reserve | D110: 9405590 | E110: 9405590 | F110: 23897012 | G110: =F110 -> 23897012 | H110: =G110 -> 23897012 | I110: =H110 -> 23897012 | J110: =I110 -> 23897012 | K110: =J110 -> 23897012
C111: Retained Earnings / (Accumulated Losses) | D111: -83822569 | E111: -53757977 | F111: 151119171 | G111: =G245 -> 2.7751209e+08 | H111: =H245 -> 4.6649596e+08 | I111: =I245 -> 6.4635794e+08 | J111: =J245 -> 8.3601574e+08 | K111: =K245 -> 1.046513e+09
C112: Net Profit / (Loss) for the Year | D112: 31750161 | E112: 135031718 | F112: 0 | G112: =F112 -> 0 | H112: =G112 -> 0 | I112: =H112 -> 0 | J112: =I112 -> 0 | K112: =J112 -> 0
C113: Equity Attributable to Equity Holders of Parent | D113: =SUM(D109:D112) -> 50166512 | E113: =SUM(E109:E112) -> 183512661 | F113: =SUM(F109:F112) -> 275016183 | G113: =SUM(G109:G112) -> 4.0140911e+08 | H113: =SUM(H109:H112) -> 5.9039297e+08 | I113: =SUM(I109:I112) -> 7.7025495e+08 | J113: =SUM(J109:J112) -> 9.5991275e+08 | K113: =SUM(K109:K112) -> 1.17041e+09
C114: Non-Controlling Interest (NCI) | D114: -436852 | E114: -426786 | F114: -417023 | G114: =G251 -> -404834.45 | H114: =H251 -> -388175.98 | I114: =I251 -> -369033.73 | J114: =J251 -> -347824.2 | K114: =K251 -> -324307.63
C115: Total Equity | D115: =SUM(D113:D114) -> 49729660 | E115: =SUM(E113:E114) -> 183085875 | F115: =SUM(F113:F114) -> 274599160 | G115: =SUM(G113:G114) -> 4.0100427e+08 | H115: =SUM(H113:H114) -> 5.9000479e+08 | I115: =SUM(I113:I114) -> 7.6988591e+08 | J115: =SUM(J113:J114) -> 9.5956493e+08 | K115: =SUM(K113:K114) -> 1.1700857e+09
C117: Total Liabilites & Equity | D117: =D106+D115 -> 666458458 | E117: =E106+E115 -> 780503542 | F117: =F106+F115 -> 1062541619 | G117: =G106+G115 -> 1.3597573e+09 | H117: =H106+H115 -> 1.7030939e+09 | I117: =I106+I115 -> 2.0256888e+09 | J117: =J106+J115 -> 2.3492471e+09 | K117: =K106+K115 -> 2.6907986e+09
C119: Balance Check | D119: =D85-D117 -> 0 | E119: =E85-E117 -> 0 | F119: =F85-F117 -> 0 | G119: =G85-G117 -> 0 | H119: =H85-H117 -> 0 | I119: =I85-I117 -> 0 | J119: =J85-J117 -> 0 | K119: =K85-K117 -> 0
C121: CASH FLOW STATEMENT
...

Sheet DCF
B2: Discounted Cash Flow Valuation
B3: =FSM!C3 -> All amounts are shown in EGP, except per-share data, ratios, and shares outstanding
B4: Most recent fiscal year end | D4: 46022 | F4: Discount rate (WACC) | H4: =+WACC!E21 -> 0.2651674 | I4: Link from WACC
B5: End of first fiscal year | D5: =EOMONTH(D4,12) -> 46387 | F5: Share price (Public Co) | H5: 17.03
B6: Most recent quarter end date | D6: 46022 | F6: Share price date | H6: 46274
B7: Valuation date | D7: 46274 | F7: Implied Share Price | H7: =C72 -> 7.6651378
B8: Portion of First Year Cash Flows | D8: =YEARFRAC(D7,D5) -> 0.31111111 | F8: Upside / (Downside) | H8: =H7/H5-1 -> -0.54990383 | I8: {=_xlfn.IFS(H8>15%,"BUY",H8>=0,"HOLD",H8<0,"SELL")} -> SELL
F9: Midyear adjustment? | H9: 1
B10: Unlevered Free Cash Flows
C11: LTM | D11: Actual | E11: Forecasts
B12: Fiscal year ended | C12: =D7 -> 46274 | D12: =D4 -> 46022 | E12: =EOMONTH(D12,12) -> 46387 | F12: =EOMONTH(E12,12) -> 46752 | G12: =EOMONTH(F12,12) -> 47118 | H12: =EOMONTH(G12,12) -> 47483 | I12: =EOMONTH(H12,12) -> 47848
B14: Revenue | C14: =E14*(1-$D$8)+D14*$D$8 -> 3.3148148e+09 | D14: =FSM!F16 -> 2877655973 | E14: =FSM!G16 -> 3.5122413e+09 | F14: =FSM!H16 -> 4.1456704e+09 | G14: =FSM!I16 -> 4.7685376e+09 | H14: =FSM!J16 -> 5.3415609e+09 | I14: =FSM!K16 -> 5.8763698e+09
B15: % growth | E15: =E14/D14-1 -> 0.22052162 | F15: =F14/E14-1 -> 0.18034897 | G15: =G14/F14-1 -> 0.15024523 | H15: =H14/G14-1 -> 0.1201675 | I15: =I14/H14-1 -> 0.10012223
B16: EBITDA | C16: =E16*(1-$D$8)+D16*$D$8 -> 4.2763058e+08 | D16: =FSM!F20 -> 361759057 | E16: =FSM!G20 -> 4.5737901e+08 | F16: =FSM!H20 -> 5.4061349e+08 | G16: =FSM!I20 -> 6.224601e+08 | H16: =FSM!J20 -> 6.9775707e+08 | I16: =FSM!K20 -> 7.6803256e+08
B17: % margin | D17: =D16/D14 -> 0.1257131 | E17: =E16/E14 -> 0.13022426 | F17: =F16/F14 -> 0.13040436 | G17: =G16/G14 -> 0.1305348 | H17: =H16/H14 -> 0.13062794 | I17: =I16/I14 -> 0.13069847
B18: EBIT | C18: =E18*(1-$D$8)+D18*$D$8 -> 3.4153402e+08 | D18: =FSM!F25 -> 277129999 | E18: =FSM!G25 -> 3.7061971e+08 | F18: =FSM!H25 -> 4.4791896e+08 | G18: =FSM!I25 -> 5.1257697e+08 | H18: =FSM!J25 -> 5.7085163e+08 | I18: =FSM!K25 -> 6.2444116e+08
B19: % margin | D19: =D18/D14 -> 0.096304076 | E19: =E18/E14 -> 0.10552228 | F19: =F18/F14 -> 0.108045 | G19: =G18/G14 -> 0.10749144 | H19: =H18/H14 -> 0.10686982 | I19: =I18/I14 -> 0.10626308
B21: Tax on EBIT | D21: =D18*D22 -> 84205462 | E21: =E18*E22 -> 83389435 | F21: =F18*F22 -> 1.0078177e+08 | G21: =G18*G22 -> 1.1532982e+08 | H21: =H18*H22 -> 1.2844162e+08 | I21: =I18*I22 -> 1.4049926e+08
B22: Tax rate | D22: =FSM!F40 -> 0.30384824 | E22: =FSM!G40 -> 0.225 | F22: =FSM!H40 -> 0.225 | G22: =FSM!I40 -> 0.225 | H22: =FSM!J40 -> 0.225 | I22: =FSM!K40 -> 0.225
B23: NOPAT (aka EBIAT) | D23: =D18*(1-D22) -> 1.9292454e+08 | E23: =E18*(1-E22) -> 2.8723028e+08 | F23: =F18*(1-F22) -> 3.471372e+08 | G23: =G18*(1-G22) -> 3.9724715e+08 | H23: =H18*(1-H22) -> 4.4241002e+08 | I23: =I18*(1-I22) -> 4.839419e+08
B25: Depreciation & amortization | E25: =FSM!G167 -> 86759301 | F25: =FSM!H167 -> 92694527 | G25: =FSM!I167 -> 1.0988313e+08 | H25: =FSM!J167 -> 1.2690544e+08 | I25: =FSM!K167 -> 1.4359141e+08
B26: Changes in net working capital | E26: =D32-E32 -> 62636242 | F26: =E32-F32 -> 56618525 | G26: =F32-G32 -> 43667984 | H26: =G32-H32 -> 38805909 | I26: =H32-I32 -> 38589847
B27: Capital expenditures | E27: =-FSM!G156 -> -35122413 | F27: =-FSM!H156 -> -82913409 | G27: =-FSM!I156 -> -95370753 | H27: =-FSM!J156 -> -1.0683122e+08 | I27: =-FSM!K156 -> -1.175274e+08
B28: as % of revenue | E28: =E27/E14 -> -0.01 | F28: =F27/F14 -> -0.02 | G28: =G27/G14 -> -0.02 | H28: =H27/H14 -> -0.02 | I28: =I27/I14 -> -0.02
B30: Unlevered free cash flows (UFCF) | E30: =E23+E25+E26+E27 -> 4.0150341e+08 | F30: =F23+F25+F26+F27 -> 4.1353684e+08 | G30: =G23+G25+G26+G27 -> 4.5542752e+08 | H30: =H23+H25+H26+H27 -> 5.0129014e+08 | I30: =I23+I25+I26+I27 -> 5.4859575e+08
B32: Net working capital (WC Assets - WC liabilities) | D32: =FSM!F204 -> -172187341 | E32: =FSM!G204 -> -2.3482358e+08 | F32: =FSM!H204 -> -2.9144211e+08 | G32: =FSM!I204 -> -3.3511009e+08 | H32: =FSM!J204 -> -3.73916e+08 | I32: =FSM!K204 -> -4.1250585e+08
B33: as % of revenue | D33: =D32/D14 -> -0.059835972 | E33: =E32/E14 -> -0.066858613 | F33: =F32/F14 -> -0.070300356 | G33: =G32/G14 -> -0.070275233 | H33: =H32/H14 -> -0.070001262 | I33: =I32/I14 -> -0.070197394
B35: ="Present value of UFCF on "&TEXT(D7,"mmm dd, yyyy")&" valuation date" -> Present value of UFCF on Sep 09, 2026 valuation date
D36: Val date | E36: Yr 1 - Stub | F36: Year 2 | G36: Year 3 | H36: Year 4 | I36: Year 5
B37: Date for discounting cash flows | D37: =D7 -> 46274 | E37: =IF($H$9=1,AVERAGE(E12,D37),E12) -> 46330.5 | F37: =IF($H$9=1,AVERAGE(F12,E12),F12) -> 46569.5 | G37: =IF($H$9=1,AVERAGE(G12,F12),G12) -> 46935 | H37: =IF($H$9=1,AVERAGE(H12,G12),H12) -> 47300.5 | I37: =IF($H$9=1,AVERAGE(I12,H12),I12) -> 47665.5
B38: Unlevered free cash flows (UFCF) stub adjusted | C38: =D8 -> 0.31111111 | E38: =E30*C38 -> 1.2491217e+08 | F38: =F30 -> 4.1353684e+08 | G38: =G30 -> 4.5542752e+08 | H38: =H30 -> 5.0129014e+08 | I38: =I30 -> 5.4859575e+08
B39: Present value of of unlevered free cash flows | E39: =E38/(1+WACC!D$78)^((E37-$D$37)/365) -> 1.2085274e+08 | F39: =F38/(1+WACC!E$78)^((F37-$D$37)/365) -> 3.4656649e+08 | G39: =G38/(1+WACC!F$78)^((G37-$D$37)/365) -> 3.0530657e+08 | H39: =H38/(1+WACC!G$78)^((H37-$D$37)/365) -> 2.6803494e+08 | I39: =I38/(1+WACC!H$78)^((I37-$D$37)/365) -> 2.3355511e+08
B40: Terminal value - growth in perpetuity approach | E40: Terminal value - EBITDA multiple approach
B41: Long term growth rate | C41: 0.1 | E41: Terminal year EBITDA | I41: =I16 -> 7.6803256e+08
B42: =YEAR(I12)&" FCF x (1+g)" -> 2030 FCF x (1+g) | C42: =I38*(1+C41) -> 6.0345533e+08 | E42: EBITDA multiple | I42: 9.2
B43: ="Terminal value in "&YEAR(I12) -> Terminal value in 2030 | C43: =C42/(WACC!H78-C41) -> 3.9946694e+09 | E43: ="Terminal value in "&YEAR(I12) -> Terminal value in 2030 | I43: =I41*I42 -> 7.0658996e+09
B44: Present value of terminal value | C44: =C43/(1+WACC!H78)^((I37-$D$37)/365) -> 1.7006611e+09 | E44: Present value of terminal value | I44: =I43/(1+WACC!H78)^((I37-D37)/365) -> 3.008184e+09
B45: Present value of stage 1 cash flows | C45: =SUM(E39:I39) -> 1.2743158e+09 | E45: Present value of stage 1 cash flows | I45: =C45 -> 1.2743158e+09
B46: Total enterprise value (TEV) | C46: =SUM(C44:C45) -> 2.974977e+09 | E46: Enterprise value (stage 1 + 2) | I46: =SUM(I44:I45) -> 4.2824999e+09
B48: Terminal value as % of TEV | C48: =C44/C46 -> 0.57165522 | E48: Terminal value as % of TEV | I48: =I44/I46 -> 0.70243645
B49: Stage 1 cash flows as % of TEV | C49: =C48-1 -> -0.42834478 | E49: Cash flows as % of TEV | I49: =1-I48 -> 0.29756355
B50: Implied TV exit EBITDA multiple | C50: =C43/I16 -> 5.2011719 | E50: Implied terminal growth rate | I50: =(H4-I38/I43)/(1+I38/I43) -> 0.17401685
B52: Net debt | E52: Shares outstanding
B53: Source doc | C53: Consolidated FS 2025
B54: Source date | C54: 12/31/2025 | G54: Source doc | H54: Date | I54: Shares
B55: Gross debt and equivalents | E55: Basic shares | G55: Consolidated FS 2025 | H55: 12/31/2025 | I55: 400000000
B56: Debt | C56: =FSM!F92+FSM!F93+FSM!F94+FSM!F101+FSM!F102+FSM!F103 -> 215342632 | E56: Restricted stock / RSUs
B57: Convertible debt | E57: Options / warrants
B58: Preferred stock | E58: Convertible debt
B59: Noncontrolling (minority) interests | C59: =FSM!F114 -> -417023 | E59: Convertible preferred stock
B60: Nonoperating assets | E60: Net diluted shares outstanding | I60: =SUM(I55:I59) -> 400000000
B61: Cash | C61: =FSM!F73 -> 104342521
B62: Equity investments
B63: Debt securities (optional cash asset) | C63: =FSM!F68 -> 201661238
B64: Net debt | C64: =SUM(C56:C59)-SUM(C61:C63) -> -91078150
B66: Valuation
C67: Perpetuity | D67: EBITDA
B68: Enterprise value | C68: =C46 -> 2.974977e+09 | D68: =I46 -> 4.2824999e+09
B69: Net debt | C69: =C64 -> -91078150 | D69: =C64 -> -91078150
B70: Equity value | C70: =C68-C69 -> 3.0660551e+09 | D70: =D68-D69 -> 4.373578e+09
B71: Shares outstanding | C71: =$I$60 -> 400000000 | D71: =$I$60 -> 400000000
B72: Equity value per share | C72: =C70/C71 -> 7.6651378 | D72: =D70/D71 -> 10.933945
C74: Last twelve months (LTM)
C75: Perpetuity | D75: EBITDA
B76: EV / Revenue | C76: =C68/$C$14 -> 0.89747909 | D76: =D68/$C$14 -> 1.2919274
B77: EV / EBITDA | C77: =C68/$C$16 -> 6.9568854 | D77: =D68/$C$16 -> 10.014485
B78: EV / EBIT | C78: =C68/$C$18 -> 8.7106313 | D78: =D68/$C$18 -> 12.539014
C79: Year 1
C80: Perpetuity | D80: EBITDA
B81: EV / Revenue | C81: =C68/$E$14 -> 0.84703091 | D81: =D68/$E$14 -> 1.2193068
B82: EV / EBITDA | C82: =C68/$E$16 -> 6.504402 | D82: =D68/$E$16 -> 9.3631316
B83: EV / EBIT | C83: =C68/$E$18 -> 8.0270338 | D83: =D68/$E$18 -> 11.554971
B85: Outputs
D87: Equity value per share | L87: LTM EBITDA multiple
E88: Long term growth rate (g): | L88: Long term growth rate (g):
D89: =C72 -> 7.6651378 | E89: =F89-0.005 -> 0.09 | F89: =G89-0.005 -> 0.095 | G89: 0.1 | H89: =G89+0.005 -> 0.105 | I89: =H89+0.005 -> 0.11 | L89: =C77 -> 6.9568854 | M89: =N89-0.005 -> 0.09 | N89: =O89-0.005 -> 0.095 | O89: 0.1 | P89: =O89+0.005 -> 0.105 | Q89: =P89+0.005 -> 0.11
D90: =D91+0.01 -> 0.2851674 | E90: 7.3649151 | F90: 7.5102172 | G90: 7.6651378 | H90: 7.8306646 | I90: 8.0079255 | L90: =L91+0.01 -> 0.2851674 | M90: 6.6760611 | N90: 6.8119748 | O90: 6.9568854 | P90: 7.111717 | Q90: 7.2775246
D91: =D92+0.01 -> 0.2751674 | E91: 7.3649151 | F91: 7.5102172 | G91: 7.6651378 | H91: 7.8306646 | I91: 8.0079255 | L91: =L92+0.01 -> 0.2751674 | M91: 6.6760611 | N91: 6.8119748 | O91: 6.9568854 | P91: 7.111717 | Q91: 7.2775246
C92: WACC: | D92: 0.2651674 | E92: 7.3649151 | F92: 7.5102172 | G92: 7.6651378 | H92: 7.8306646 | I92: 8.0079255 | K92: WACC: | L92: =WACC!$E$21 -> 0.2651674 | M92: 6.6760611 | N92: 6.8119748 | O92: 6.9568854 | P92: 7.111717 | Q92: 7.2775246
D93: =D92-0.01 -> 0.2551674 | E93: 7.3649151 | F93: 7.5102172 | G93: 7.6651378 | H93: 7.8306646 | I93: 8.0079255 | L93: =L92-0.01 -> 0.2551674 | M93: 6.6760611 | N93: 6.8119748 | O93: 6.9568854 | P93: 7.111717 | Q93: 7.2775246
B94: Data | D94: =D93-0.01 -> 0.2451674 | E94: 7.3649151 | F94: 7.5102172 | G94: 7.6651378 | H94: 7.8306646 | I94: 8.0079255 | L94: =L93-0.01 -> 0.2451674 | M94: 6.6760611 | N94: 6.8119748 | O94: 6.9568854 | P94: 7.111717 | Q94: 7.2775246
B95: Tables
D96: Equity value per share | L96: LTM EBITDA multiple
E97: Exit EBITDA Multiple | M97: Exit EBITDA Multiple
D98: =D72 -> 10.933945 | E98: =+F98-0.5 -> 8.2 | F98: =+G98-0.5 -> 8.7 | G98: 9.2 | H98: =+G98+0.5 -> 9.7 | I98: =+H98+0.5 -> 10.2 | L98: =D77 -> 10.014485 | M98: =+N98-0.5 -> 8.2 | N98: =+O98-0.5 -> 8.7 | O98: 9.2 | P98: =+O98+0.5 -> 9.7 | Q98: =+P98+0.5 -> 10.2
D99: =D100+0.01 -> 0.2851674 | E99: 10.116504 | F99: 10.525224 | G99: 10.933945 | H99: 11.342666 | I99: 11.751386 | L99: =L100+0.01 -> 0.2851674 | M99: 9.2498608 | N99: 9.6321727 | O99: 10.014485 | P99: 10.396796 | Q99: 10.779108
D100: =D101+0.01 -> 0.2751674 | E100: 10.116504 | F100: 10.525224 | G100: 10.933945 | H100: 11.342666 | I100: 11.751386 | L100: =L101+0.01 -> 0.2751674 | M100: 9.2498608 | N100: 9.6321727 | O100: 10.014485 | P100: 10.396796 | Q100: 10.779108
C101: WACC: | D101: 0.2651674 | E101: 10.116504 | F101: 10.525224 | G101: 10.933945 | H101: 11.342666 | I101: 11.751386 | K101: WACC: | L101: =WACC!$E$21 -> 0.2651674 | M101: 9.2498608 | N101: 9.6321727 | O101: 10.014485 | P101: 10.396796 | Q101: 10.779108
D102: =D101-0.01 -> 0.2551674 | E102: 10.116504 | F102: 10.525224 | G102: 10.933945 | H102: 11.342666 | I102: 11.751386 | L102: =L101-0.01 -> 0.2551674 | M102: 9.2498608 | N102: 9.6321727 | O102: 10.014485 | P102: 10.396796 | Q102: 10.779108
D103: =D102-0.01 -> 0.2451674 | E103: 10.116504 | F103: 10.525224 | G103: 10.933945 | H103: 11.342666 | I103: 11.751386 | L103: =L102-0.01 -> 0.2451674 | M103: 9.2498608 | N103: 9.6321727 | O103: 10.014485 | P103: 10.396796 | Q103: 10.779108
B105: Equity value range | G105: Football field
C126: Low | D126: Diff. | E126: High | O126: Low | P126: Diff. | Q126: High
B127: ="DCF Value at "&TEXT(E98,"0.0x")&"-"&TEXT(I98,"0.0x")&" Exit EBITDA Range at "&TEXT(D101,"0.0%")&" WACC" -> DCF Value at 8.2x-10.2x Exit EBITDA Range at 26.5% WACC | C127: =E101 -> 10.116504 | D127: =E127-C127 -> 1.6348826 | E127: =I101 -> 11.751386 | G127: ="LTM EBITDA Purchase Multiple at "&TEXT(M89,"0.0%")&"-"&TEXT(Q89,"0.0%")&" Perpetuity Growth at "&TEXT(L92,"0.0%")&" WACC" -> LTM EBITDA Purchase Multiple at 9.0%-11.0% Perpetuity Growth at 26.5% WACC | O127: =M92 -> 6.6760611 | P127: =Q127-O127 -> 0.60146344 | Q127: =Q92 -> 7.2775246
B128: ="DCF Value at "&TEXT(E89,"0.0%")&"-"&TEXT(I89,"0.0%")&" Perpetuity Range at "&TEXT(D101,"0.0%")&" WACC" -> DCF Value at 9.0%-11.0% Perpetuity Range at 26.5% WACC | C128: =E92 -> 7.3649151 | D128: =E128-C128 -> 0.6430104 | E128: =I92 -> 8.0079255 | G128: ="LTM EBITDA Purchase Multiple at "&TEXT(M101,"0.0x")&"-"&TEXT(Q101,"0.0x")&" Exit EBITDA Multiple at "&TEXT(L101,"0.0%")&" WACC" -> LTM EBITDA Purchase Multiple at 9.2x-10.8x Exit EBITDA Multiple at 26.5% WACC | O128: =M101 -> 9.2498608 | P128: =Q128-O128 -> 1.5292476 | Q128: =Q101 -> 10.779108
B129: 52 Week Market High/Low | C129: 0.25 | D129: =E129-C129 -> 18.9 | E129: 19.15 | G129: ="LTM EBITDA Purchase Multiple at "&TEXT(L103,"0.0%")&"-"&TEXT(L99,"0.0%")&" WACC at "&TEXT(O98,"0.0x")&" Exit EBITDA" -> LTM EBITDA Purchase Multiple at 24.5%-28.5% WACC at 9.2x Exit EBITDA | O129: =O99 -> 10.014485 | P129: =Q129-O129 -> 0 | Q129: =O103 -> 10.014485

Sheet WACC
B2: WACC Buildup
B3: =DCF!B3 -> All amounts are shown in EGP, except per-share data, ratios, and shares outstanding
B4: Cost of capital assumptions
B6: Cost of debt | C6: 0.2
B7: Tax rate | C7: 0.225
B8: Cost of debt (after tax) | C8: =C6*(1-C7) -> 0.155
B10: Risk free rate | C10: 0.2313
B11: Beta | C11: =IF(C32="Observed",(2/3)*C34+(1/3),C35) -> 0.67909163
B12: Market risk premium | C12: 0.055
B13: Cost of equity | C13: =C10+C11*(C12) -> 0.26865004
B15: Capital weights (capital structure)
D16: Target
C17: Current | D17: (override) | E17: % of total
B18: Equity | C18: =DCF!I60*DCF!H5 -> 6812000000 | E18: =C18/(C18+C19) -> 0.96935646
B19: Debt | C19: =DCF!C56 -> 215342632 | E19: =C19/(C19+C18) -> 0.030643537
B21: Cost of capital (WACC) | E21: =E18*C13+E19*C8 -> 0.2651674
B23: WACC sensitivity to MRP and Beta
D24: Beta
C25: =E21 -> 0.2651674 | D25: =E25-0.1 -> 0.57909163 | E25: 0.67909163 | F25: =E25+0.1 -> 0.77909163
C26: =C27-0.005 -> 0.045 | D26: 0.25422248 | E26: 0.25858458 | F26: 0.26294669
B27: Market | C27: =C28-0.005 -> 0.05 | D27: 0.25702921 | E27: 0.26187599 | F27: 0.26672277
B28: Risk | C28: 0.055 | D28: 0.25983594 | E28: 0.2651674 | F28: 0.27049886
B29: Premium | C29: =C28+0.005 -> 0.06 | D29: 0.26264267 | E29: 0.26845881 | F29: 0.27427495
C30: =C29+0.005 -> 0.065 | D30: 0.2654494 | E30: 0.27175022 | F30: 0.27805104
B32: Select Beta for model | C32: Industry
B34: Observed | C34: 1.18
B35: Industry beta | C35: =C47 -> 0.67909163
B37: Industry beta
C39: Observed b | D39: Share price | E39: Dil. shares | F39: Market cap | G39: Net Debt | H39: Tax rate | I39: Delev. b
B40: Juhayna (JUFO.CA) | C40: 0.85 | D40: 29.5 | E40: 941405082 | F40: =E40*D40 -> 27771449919 | G40: 3431200000 | H40: 0.225 | I40: =C40/(1+(1-H40)*(G40/F40)) -> 0.77572277
B41: Edita (EFID.CA) | C41: 0.78 | D41: 30.4 | E41: 1387500000 | F41: =E41*D41 -> 42180000000 | G41: 1370000000 | H41: 0.225 | I41: =C41/(1+(1-H41)*(G41/F41)) -> 0.76084802
B42: Spinneys (SPINNEYS.AE) | C42: 0.72 | D42: 1.45 | E42: 3600000000 | F42: =E42*D42 -> 5220000000 | G42: 678000000 | H42: 0.09 | I42: =C42/(1+(1-H42)*(G42/F42)) -> 0.64389462
B43: BinDawood (4161.SR) | C43: 0.68 | D43: 7.65 | E43: 1143000000 | F43: =E43*D43 -> 8743950000 | G43: 2240000000 | H43: 0.2 | I43: =C43/(1+(1-H43)*(G43/F43)) -> 0.56434266
B44: Gourmet Egypt | C44: 1.18 | D44: 17.03 | E44: 400000000 | F44: =E44*D44 -> 6812000000 | G44: =DCF!C64 -> -91078150 | H44: 0.225
B46: Industry average delevered beta | C46: =AVERAGE(I40:I43) -> 0.68620202
B47: =FSM!Company_Name&" beta" -> Gourmet Egypt beta | C47: =C46*(1+(1-H44)*(G44/F44)) -> 0.67909163
B49: Year-by-Year Cost of Equity and WACC
B50: Fiscal year | C50: =FSM!F$13 -> 2025 | D50: =FSM!G$13 -> 2026 | E50: =FSM!H$13 -> 2027 | F50: =FSM!I$13 -> 2028 | G50: =FSM!J$13 -> 2029 | H50: =FSM!K$13 -> 2030
B51: Fiscal year end date | C51: =FSM!F$14 -> 46022 | D51: =FSM!G$14 -> 46387 | E51: =FSM!H$14 -> 46752 | F51: =FSM!I$14 -> 47118 | G51: =FSM!J$14 -> 47483 | H51: =FSM!K$14 -> 47848
B53: RELEVERED BETA (D/E changes every year)
B55: Unlevered beta (selected on Build-Up tab - held constant) | C55: =$C$47 -> 0.67909163 | D55: =$C$47 -> 0.67909163 | E55: =$C$47 -> 0.67909163 | F55: =$C$47 -> 0.67909163 | G55: =$C$47 -> 0.67909163 | H55: =$C$47 -> 0.67909163
B56: Opening total debt (prior year-end) | C56: =FSM!F92+FSM!F93+FSM!F94+FSM!F101+FSM!F102+FSM!F103 -> 215342632 | D56: =FSM!G92+FSM!G93+FSM!G94+FSM!G101+FSM!G102+FSM!G103 -> 2.2832044e+08 | E56: =FSM!H92+FSM!H93+FSM!H94+FSM!H101+FSM!H102+FSM!H103 -> 2.4403957e+08 | F56: =FSM!I92+FSM!I93+FSM!I94+FSM!I101+FSM!I102+FSM!I103 -> 2.6245429e+08 | G56: =FSM!J92+FSM!J93+FSM!J94+FSM!J101+FSM!J102+FSM!J103 -> 2.833489e+08 | H56: =FSM!K92+FSM!K93+FSM!K94+FSM!K101+FSM!K102+FSM!K103 -> 3.0655802e+08
B57: Opening book equity (prior year-end) | C57: =FSM!F115 -> 274599160 | D57: =FSM!G115 -> 4.0100427e+08 | E57: =FSM!H115 -> 5.9000479e+08 | F57: =FSM!I115 -> 7.6988591e+08 | G57: =FSM!J115 -> 9.5956493e+08 | H57: =FSM!K115 -> 1.1700857e+09
B58: Opening D/E | C58: =C56/C57 -> 0.78420718 | D58: =D56/D57 -> 0.5693716 | E58: =E56/E57 -> 0.41362302 | F58: =F56/F57 -> 0.34090024 | G58: =G56/G57 -> 0.29528893 | H58: =H56/H57 -> 0.26199622
B59: Tax rate | C59: 0.225 | D59: 0.225 | E59: 0.225 | F59: 0.225 | G59: 0.225 | H59: 0.225
B60: Relevered beta = βu × [1 + (1 - t) × D/E] | C60: =C55*(1+(1-C59)*(C58)) -> 1.0918167 | D60: =D55*(1+(1-D59)*(D58)) -> 0.97874963 | E60: =E55*(1+(1-E59)*(E58)) -> 0.89677978 | F60: =F55*(1+(1-F59)*(F58)) -> 0.85850606 | G60: =G55*(1+(1-G59)*(G58)) -> 0.83450102 | H60: =H55*(1+(1-H59)*(H58)) -> 0.81697919
B62: CAPM
B64: Risk-free rate (EGP 10Y, held flat) | C64: =C10 -> 0.2313 | D64: =C64 -> 0.2313 | E64: =D64 -> 0.2313 | F64: =E64 -> 0.2313 | G64: =F64 -> 0.2313 | H64: =G64 -> 0.2313
B65: Mature-market ERP (held flat) | C65: =C12 -> 0.055 | D65: =C65 -> 0.055 | E65: =D65 -> 0.055 | F65: =E65 -> 0.055 | G65: =F65 -> 0.055 | H65: =G65 -> 0.055
B66: Cost of equity Ke | C66: =C64+C60*(C65) -> 0.29134992 | D66: =D64+D60*(D65) -> 0.28513123 | E66: =E64+E60*(E65) -> 0.28062289 | F66: =F64+F60*(F65) -> 0.27851783 | G66: =G64+G60*(G65) -> 0.27719756 | H66: =H64+H60*(H65) -> 0.27623386
B68: COST OF DEBT BY YEAR (each year's realised rate from the debt schedule)
B70: Pre-tax Kd(t) = interest expense(t) / average debt(t) | C70: =C6 -> 0.2 | D70: =C70 -> 0.2 | E70: =D70 -> 0.2 | F70: =E70 -> 0.2 | G70: =F70 -> 0.2 | H70: =G70 -> 0.2
B71: After-tax Kd(t) | C71: =C70*(1-C59) -> 0.155 | D71: =D70*(1-D59) -> 0.155 | E71: =E70*(1-E59) -> 0.155 | F71: =F70*(1-F59) -> 0.155 | G71: =G70*(1-G59) -> 0.155 | H71: =H70*(1-H59) -> 0.155
B73: WEIGHTS AND WACC BY YEAR
B75: Equity weight (opening book balances) | C75: =C57/(C57+C56) -> 0.56047303 | D75: =D57/(D57+D56) -> 0.63719772 | E75: =E57/(E57+E56) -> 0.70740217 | F75: =F57/(F57+F56) -> 0.74576764 | G75: =G57/(G57+G56) -> 0.77202852 | H75: =H57/(H57+H56) -> 0.7923954
B76: Debt weight (opening book balances) | C76: =C56/(C56+C57) -> 0.43952697 | D76: =D56/(D56+D57) -> 0.36280228 | E76: =E56/(E56+E57) -> 0.29259783 | F76: =F56/(F56+F57) -> 0.25423236 | G76: =G56/(G56+G57) -> 0.22797148 | H76: =H56/(H56+H57) -> 0.2076046
B78: WACC(t) = E-weight × Ke(t) + D-weight × Kd(t) × (1 - tax) | C78: =E18*C13+E19*C8 -> 0.2651674 | D78: =D75*D66+D76*D71 -> 0.23791932 | E78: =E75*E66+E76*E71 -> 0.2438659 | F78: =F75*F66+F76*F71 -> 0.2471156 | G78: =G75*G66+G76*G71 -> 0.24934 | H78: =H75*H66+H76*H71 -> 0.25106515

Sheet Trading Comps
B2: Comparable Companies Analysis (Trading Comps)
B4: Refresh date: | C4: 46213
B6: GENERAL INFORMATION
B7: Ticker | C7: JUFO.CA | D7: EFID.CA | E7: SPINNEYS.AE | F7: 4161.SR | G7: GOUR.CA
B8: Company | C8: Juhayna Food Industries | D8: Edita Food Industries | E8: Spinneys 1961 Holding | F8: BinDawood Holding | G8: Gourmet Egypt.com for Food S.A.E.
B9: Exchange / Currency | C9: EGX / EGP | D9: EGX / EGP | E9: DFM / AED | F9: Tadawul / SAR | G9: EGX / EGP
B10: Fiscal year end | C10: 46387 | D10: 46387 | E10: 46387 | F10: 46387 | G10: 46387
B11: Last closing price | C11: 29.5 | D11: 30.4 | E11: 1.45 | F11: 7.65 | G11: 17.03
B12: Price as of | C12: 46213 | D12: 46213 | E12: 46213 | F12: 46213 | G12: 46274
B14: FULLY DILUTED SHARES
B15: Basic shares outstanding | C15: 941405082 | D15: 1387500000 | E15: 3600000000 | F15: 1143000000 | G15: =FSM!D10 -> 400000000
B16: Options / RSUs / other dilution | C16: 0 | D16: 0 | E16: 0 | F16: 0
B17: Fully diluted shares | C17: =SUM(C15:C16) -> 941405082 | D17: =SUM(D15:D16) -> 1387500000 | E17: =SUM(E15:E16) -> 3600000000 | F17: =SUM(F15:F16) -> 1143000000 | G17: =SUM(G15:G16) -> 400000000
B19: BALANCE SHEET DATA (latest reported)
B20: Total debt (incl. leases) | C20: 4850000000 | D20: 3620000000 | E20: 1068000000 | F20: 2850000000 | G20: =DCF!C56 -> 215342632
B21: Minority interest | C21: 1200000 | D21: 0 | E21: 0 | F21: 0 | G21: =DCF!C59 -> -417023
B22: Cash + liquid investments | C22: 1420000000 | D22: 2250000000 | E22: 390000000 | F22: 610000000 | G22: =DCF!C61+DCF!C63 -> 306003759
B23: Net debt / (net cash) | C23: =SUM(C20:C21)-C22 -> 3431200000 | D23: =SUM(D20:D21)-D22 -> 1370000000 | E23: =SUM(E20:E21)-E22 -> 678000000 | F23: =SUM(F20:F21)-F22 -> 2240000000 | G23: =SUM(G20:G21)-G22 -> -91078150
B25: MARKET VALUATION
B26: Market capitalization | C26: =C11*C17 -> 27771449919 | D26: =D11*D17 -> 42180000000 | E26: =E11*E17 -> 5220000000 | F26: =F11*F17 -> 8743950000 | G26: =G11*G17 -> 6812000000
B27: Enterprise value (EV) | C27: =C26+C23 -> 31202649919 | D27: =D26+D23 -> 43550000000 | E27: =E26+E23 -> 5898000000 | F27: =F26+F23 -> 10983950000 | G27: =G26+G23 -> 6720921850
B29: LTM FINANCIALS
B30: Revenue | C30: 19500000000 | D30: 23900000000 | E30: 3620000000 | F30: 5850000000 | G30: =FSM!F16 -> 2877655973
B31: EBITDA | C31: 3350000000 | D31: 4750000000 | E31: 732000000 | F31: 1080000000 | G31: =FSM!F20 -> 361759057
B32: EBIT | C32: 2720000000 | D32: 4240000000 | E32: 415000000 | F32: 490000000 | G32: =FSM!F25 -> 277129999
B33: Net income | C33: 1850000000 | D33: 3140000000 | E33: 350000000 | F33: 312000000 | G33: =FSM!F31 -> 211212632
B34: EBITDA margin | C34: =C31/C30 -> 0.17179487 | D34: =D31/D30 -> 0.19874477 | E34: =E31/E30 -> 0.20220994 | F34: =F31/F30 -> 0.18461538 | G34: =G31/G30 -> 0.1257131
B36: TRADING MULTIPLES
B37: EV / Revenue (LTM) | C37: =C27/C30 -> 1.6001359 | D37: =D27/D30 -> 1.8221757 | E37: =E27/E30 -> 1.6292818 | F37: =F27/F30 -> 1.8775983 | G37: =G27/G30 -> 2.3355543
B38: EV / EBITDA (LTM) | C38: =C27/C31 -> 9.3142239 | D38: =D27/D31 -> 9.1684211 | E38: =E27/E31 -> 8.057377 | F38: =F27/F31 -> 10.170324 | G38: =G27/G31 -> 18.578448
B39: EV / EBIT (LTM) | C39: =C27/C32 -> 11.471562 | D39: =D27/D32 -> 10.271226 | E39: =E27/E32 -> 14.212048 | F39: =F27/F32 -> 22.416224 | G39: =G27/G32 -> 24.251874
B40: P / E (LTM) | C40: =C26/C33 -> 15.011595 | D40: =D26/D33 -> 13.433121 | E40: =E26/E33 -> 14.914286 | F40: =F26/F33 -> 28.025481 | G40: =G26/G33 -> 32.251859
B42: PEER STATISTICS
C43: EV/Revenue | D43: EV/EBITDA | E43: EV/EBIT | F43: P/E
B44: Mean | C44: =AVERAGE(C37:F37) -> 1.7322979 | D44: =AVERAGE(C38:F38) -> 9.1775865 | E44: =AVERAGE(C39:F39) -> 14.592765 | F44: =AVERAGE(C40:F40) -> 17.846121
B45: Median | C45: =MEDIAN(C37:F37) -> 1.7257288 | D45: =MEDIAN(C38:F38) -> 9.2413225 | E45: =MEDIAN(C39:F39) -> 12.841805 | F45: =MEDIAN(C40:F40) -> 14.96294
B46: High | C46: =MAX(C37:F37) -> 1.8775983 | D46: =MAX(C38:F38) -> 10.170324 | E46: =MAX(C39:F39) -> 22.416224 | F46: =MAX(C40:F40) -> 28.025481
B47: Low | C47: =MIN(C37:F37) -> 1.6001359 | D47: =MIN(C38:F38) -> 8.057377 | E47: =MIN(C39:F39) -> 10.271226 | F47: =MIN(C40:F40) -> 13.433121
B49: IMPLIED VALUATION (from peer MEDIAN multiples)
B50: Via EV/EBITDA:
B51: Peer median EV/EBITDA | C51: =D45 -> 9.2413225
B52: x LTM EBITDA | C52: =G31 -> 361759057
B53: Implied Enterprise Value | C53: =C51*C52 -> 3.3431321e+09
B54: Less: net debt / plus net cash | C54: =G23 -> -91078150
B55: Implied equity value | C55: =C53-C54 -> 3.4342102e+09
B56: Fully diluted shares | C56: =G17 -> 400000000
B57: Implied value per share (EGP) | C57: =C55/C56 -> 8.5855256
B59: Via P/E:
B60: Peer median P/E | C60: =F45 -> 14.96294
B61: x LTM net income | C61: =G33 -> 211212632
B62: Implied equity value | C62: =C60*C61 -> 3.160362e+09
B63: Fully diluted shares | C63: =C56 -> 400000000
B64: Implied value per share (EGP) | C64: =C62/C63 -> 7.9009049
B66: Via (closest Egyptian peer):
B67: EV/EBITDA | C67: =D38 -> 9.1684211
B68: x LTM EBITDA | C68: =C52 -> 361759057
B69: Implied Enterprise Value | C69: =C67*C68 -> 3.3167594e+09
B70: Less: net debt / plus net cash | C70: =C54 -> -91078150
B71: Implied equity value | C71: =C69-C70 -> 3.4078375e+09
B72: Fully diluted shares | C72: =C63 -> 400000000
B73: Implied value per share (EGP) | C73: =C71/C72 -> 8.5195938
